 Dungeon Crawl Stone Soup version 0.31-a0-765-g67fe2935dc (webtiles) character file.

Game seed: 5822447304880166373

3670 randomguy2701 the Blocker (level 10, 0/82 HPs)
             Began as a Gnoll Fighter on Sept 15, 2023.
             Was an Initiate of Ashenzari.
             Slain by a gnoll sergeant
             ... wielding a +0 glaive
              (8 damage)
             ... in a bailey.
             The game lasted 00:11:22 (7132 turns).

randomguy2701 the Blocker (Gnoll Fighter)           Turns: 7132, Time: 00:11:23

Health: 0/82       AC: 15    Str: 18    XL:     10   Next: 13%
Magic:  17/17      EV:  9    Int:  7    God:    Ashenzari [......]
Gold:   506        SH:  6    Dex: 14    Spells: 19/19 levels left

rFire   + . .        a - +0 war axe of Ashenzari's Heresy {Melee, Bglg} (curse)
rCold   . . .        c - +0 buckler
rNeg    . . .        A - +2 chain mail {rF+}
rPois   .            v - +0 helmet
rElec   .            (no cloak)
rCorr   +            w - +0 pair of gloves
SInv    .            (no boots)
Will    +....        y - amulet of regeneration Stlth
                     j - ring of resist corrosion
HPRegen 1.13/turn    D - ring of willpower
MPRegen 0.15/turn

%: no passive effects
@: no status effects
A: fangs 1, strong nose, distributed training
a: Renounce Religion, Curse Item, Shatter the Chains


You were in a bailey.
You worshipped Ashenzari.
Ashenzari was noncommittal.
You visited 1 branch of the dungeon, and saw 7 of its levels.
You also visited: Bailey.

You collected 506 gold pieces.

Inventory:

Hand Weapons
 a - the cursed +0 war axe of Ashenzari's Heresy (weapon) {Melee, Bglg}

   It has a curse which improves the following skills: Melee Combat: Short
   Blades, Long Blades, Axes, Maces & Flails, Polearms, Staves and Unarmed
   Combat.
   Beguiling: Conjurations, Hexes and Translocations.
 C - a +1 vampiric trident
Missiles
 F - a throwing net
Armour
 c - a +0 buckler (worn)
 v - a +0 helmet (worn)
 w - a +0 pair of gloves (worn)
 A - a +2 chain mail of fire resistance (worn)
Jewellery
 j - a ring of resist corrosion (left hand)
 n - an amulet of guardian spirit
 y - an amulet of regeneration (around neck)
 D - a ring of willpower (right hand)
Wands
 o - a wand of flame (28)
Scrolls
 b - 2 scrolls of silence {unknown}
 d - a scroll of poison {unknown}
 e - 3 scrolls of identify {unknown}
 f - a scroll of immolation {unknown}
 h - 8 scrolls of noise {unknown}
 i - 2 scrolls of vulnerability {unknown}
 k - 2 scrolls of blinking {unknown}
 l - a scroll of enchant weapon {unknown}
 m - a scroll of brand weapon {unknown}
 p - 3 scrolls of fog {unknown}
 u - 3 scrolls of teleportation {unknown}
 E - a scroll of torment {unknown}
Potions
 g - 3 potions of enlightenment {unknown}
 q - 3 potions of curing {unknown}
 r - a potion of heal wounds {unknown}
 s - a potion of degeneration {unknown}
 t - 3 potions of berserk rage {unknown}
 x - 2 potions of mutation {unknown}
 z - 2 potions of brilliance {unknown}
 B - a potion of haste {unknown}


   Skills:
 + Level 8.4 Fighting
 + Level 5.0(5.4) Short Blades
 + Level 5.0(5.4) Long Blades
 + Level 6.9(7.3) Axes
 + Level 5.0(5.4) Maces & Flails
 + Level 5.0(5.4) Polearms
 + Level 5.0(5.4) Staves
 + Level 5.0 Ranged Weapons
 + Level 5.0 Throwing
 + Level 8.4 Armour
 + Level 5.0 Dodging
 + Level 5.0 Stealth
 + Level 8.4 Shields
 + Level 5.0(5.4) Unarmed Combat
 + Level 5.0 Spellcasting
 + Level 4.2(4.5) Conjurations
 + Level 4.2(4.5) Hexes
 + Level 4.2 Summonings
 + Level 4.2 Necromancy
 + Level 4.2(4.5) Translocations
 + Level 4.2 Transmutations
 + Level 4.2 Fire Magic
 + Level 4.2 Ice Magic
 + Level 4.2 Air Magic
 + Level 4.2 Earth Magic
 + Level 4.2 Poison Magic
 + Level 5.5 Invocations
 + Level 5.0 Evocations
 + Level 4.6 Shapeshifting


You had 19 spell levels left.
You didn't know any spells.
Your spell library contained the following spells:

 Spells                   Type           Power      Damage    Failure   Level
 Apportation              Tloc           16%        N/A       36%         1
 Magic Dart               Conj           32%        1d4       36%         1
 Foxfire                  Conj/Fire      28%        2x1d5     38%         1
 Kiss of Death            Conj/Necr      28%        2d7       38%         1
 Necrotise                Necr           28%        1d5       41%         1
 Summon Small Mammal      Summ           28%        N/A       41%         1
 Call Imp                 Summ           14%        N/A       54%         2
 Poisonous Vapours        Pois/Air       14%        N/A       54%         2
 Confusing Touch          Hex            8%         N/A       73%         3
 Sigil of Binding         Hex            8%         N/A       73%         3
 Mephitic Cloud           Conj/Pois/Air  7%         N/A       77%         3
 Call Canine Familiar     Summ           7%         N/A       78%         3
 Dimensional Bullseye     Hex/Tloc       4%         N/A       98%         4
 Dispel Undead            Necr           7%         3d8       99%         4
 Leda's Liquefaction      Hex/Erth       3%         N/A       99%         4
 Freezing Cloud           Conj/Ice/Air   3%         6-21      100%        5
 Plasma Beam              Fire/Air       3%         2x1d13    100%        6
 Starburst                Conj/Fire      3%         6d3       100%        6


Dungeon Overview and Level Annotations

Branches:
Dungeon (7/15)             Temple (0/1) D:5          Bailey (1/1)

Altars:
Ashenzari
Gozag
Nemelex Xobeh
Ru
Sif Muna

Shops:
D:3 (   D:5 *

Annotations:
D:5 1 runed translucent door, Crazy Yiuf


Innate Abilities, Weirdness & Mutations

You have very sharp teeth.
Your uncanny sense of smell can sniff out nearby items.
Your experience applies equally to all skills.


Message History

The gnoll sergeant hits you from afar with a +0 glaive.
Unknown command.
You hit the gnoll sergeant but do no damage.
Your bite misses the gnoll sergeant.
The gnoll sergeant is heavily wounded.
The gnoll sergeant hits you from afar with a +0 glaive.
You hit the gnoll sergeant but do no damage.
The gnoll sergeant is heavily wounded.
The gnoll sergeant barely misses you. The gnoll sergeant closely misses you.
You barely miss the gnoll sergeant.
The gnoll sergeant is heavily wounded.
The gnoll sergeant hits you with a +0 halberd!
The gnoll sergeant hits you from afar with a +0 glaive!
The gnoll sergeant hits you but does no damage.
You hit the gnoll sergeant but do no damage.
The gnoll sergeant is heavily wounded.
You block the gnoll sergeant's attack.
The gnoll sergeant hits you with a +0 halberd!
* * * LOW HITPOINT WARNING * * *
The gnoll sergeant hits you but does no damage.
Unknown command.
You hit the gnoll sergeant but do no damage.
The gnoll sergeant is heavily wounded.
You block the gnoll sergeant's attack. x2
You barely miss the gnoll sergeant.
You bite the gnoll sergeant, but do no damage.
The gnoll sergeant is heavily wounded.
The gnoll sergeant hits you with a +0 halberd!
* * * LOW HITPOINT WARNING * * *
The gnoll sergeant hits you but does no damage.
The gnoll sergeant hits you with a +0 halberd!
* * * LOW HITPOINT WARNING * * *
The gnoll sergeant attacks as it pursues you!
The gnoll sergeant hits you from afar with a +0 glaive.
* * * LOW HITPOINT WARNING * * *
The gnoll sergeant hits you from afar with a +0 halberd.
* * * LOW HITPOINT WARNING * * *
The gnoll sergeant attacks as it pursues you!
The gnoll sergeant hits you from afar with a +0 glaive!
You die...

♣♣.♣♣ ♣♣.∩.♣♣♣♣
♣♣♣♣.......♣♣
♣♣♣...........♣♣
♣.....)††.......
≈≈≈≈≈≈≈.).≈≈≈≈≈≈
≈...............
................
.######@''######
∆∆∆ #.).# ∆∆∆
#gg)# #...#
##'## ... .....
.......
#..$8$..#


You could see 2 gnoll sergeants.

Vanquished Creatures
  Pikel (D:3)
  A troll (D:5)
  Sigmund (D:4)
  3 water moccasins
  3 black bears
  2 ice beasts (D:5)
  2 sky beasts (D:6)
  3 ogres
  A centaur (D:6)
  2 phantoms (D:6)
  3 lemures
  Blork the orc (D:4)
  2 bullfrogs
  A gnoll sergeant (D:6)
  2 scorpions (D:5)
  A howler monkey (D:7)
  2 jellies (D:4)
  4 hounds
  An orc priest (D:4)
  2 sleepcaps
  Jessica (D:2)
  4 orc wizards
  Natasha (thrice) (D:4)
  3 iguanas
  Robin (D:3)
  13 gnolls
  12 adders
  2 white imps
  An ufetubus (D:5)
  3 worms
  A dart slug (D:1)
  19 orcs
  12 endoplasms
  2 giant cockroaches
  16 goblins
  13 hobgoblins
  6 jackals
  6 kobolds
  5 quokkas
  7 ball pythons
  2 bats
  2 frilled lizards (D:2)
  4 rats
176 creatures vanquished.

Notes
Turn   | Place    | Note
-------+----------+-------------------------------------------
     0 | D:1      | randomguy2701 the Gnoll Fighter began the quest for the
                  | Orb.
     0 | D:1      | Reached XP level 1. HP: 23/23 MP: 1/1
    65 | D:1      | Found a faded altar of an unknown god.
    96 | D:1      | Reached XP level 2. HP: 18/29 MP: 2/2
   473 | D:1      | Reached XP level 3. HP: 28/35 MP: 3/3
   822 | D:2      | Reached skill level 1 in Invocations
   908 | D:2      | Noticed Jessica
   912 | D:2      | Reached skill level 1 in Short Blades
   912 | D:2      | Reached skill level 1 in Long Blades
   912 | D:2      | Reached skill level 1 in Maces & Flails
   912 | D:2      | Reached skill level 1 in Polearms
   912 | D:2      | Reached skill level 1 in Staves
   912 | D:2      | Reached skill level 1 in Ranged Weapons
   912 | D:2      | Reached skill level 1 in Throwing
   912 | D:2      | Reached skill level 1 in Dodging
   912 | D:2      | Reached skill level 1 in Stealth
   912 | D:2      | Reached skill level 1 in Unarmed Combat
   912 | D:2      | Reached skill level 1 in Spellcasting
   912 | D:2      | Reached skill level 1 in Evocations
   912 | D:2      | Killed Jessica
   913 | D:2      | Reached skill level 1 in Shapeshifting
   913 | D:2      | Reached XP level 4. HP: 38/41 MP: 5/5
  1115 | D:2      | Reached skill level 1 in Conjurations
  1115 | D:2      | Reached skill level 1 in Hexes
  1115 | D:2      | Reached skill level 1 in Summonings
  1115 | D:2      | Reached skill level 1 in Necromancy
  1115 | D:2      | Reached skill level 1 in Translocations
  1115 | D:2      | Reached skill level 1 in Transmutations
  1115 | D:2      | Reached skill level 1 in Fire Magic
  1115 | D:2      | Reached skill level 1 in Ice Magic
  1115 | D:2      | Reached skill level 1 in Air Magic
  1115 | D:2      | Reached skill level 1 in Earth Magic
  1115 | D:2      | Reached skill level 1 in Poison Magic
  1533 | D:3      | Reached XP level 5. HP: 37/47 MP: 5/7
  1538 | D:3      | Noticed Robin
  1551 | D:3      | Killed Robin
  1804 | D:3      | Found Qivevid's Antique Weapon Shoppe.
  2066 | D:3      | Noticed an ogre
  2077 | D:3      | Killed an ogre
  2078 | D:3      | Reached XP level 6. HP: 18/53 MP: 8/8
  2278 | D:3      | Reached skill level 5 in Axes
  2839 | D:4      | Noticed Blork the orc
  2912 | D:4      | Killed Blork the orc
  2913 | D:4      | Reached XP level 7. HP: 11/59 MP: 10/10
  3138 | D:4      | Noticed Pikel
  3289 | D:4      | Found a broken altar of Ashenzari.
  3354 | D:4      | Found a shimmering blue altar of Sif Muna.
  3402 | D:4      | Noticed Natasha
  3407 | D:4      | Killed Natasha
  3433 | D:4      | Noticed Natasha
  3439 | D:4      | Killed Natasha
  3449 | D:4      | Noticed Natasha
  3460 | D:4      | Killed Natasha
  3534 | D:4      | Noticed Sigmund
  3547 | D:4      | Killed Sigmund
  3669 | D:4      | Became a worshipper of Ashenzari the Shackled
  3735 | D:3      | Killed Pikel
  3736 | D:3      | Reached XP level 8. HP: 12/67 MP: 11/13
  4009 | D:4      | Found a sacrificial altar of Ru.
  4389 | D:5      | Entered Level 5 of the Dungeon
  4477 | D:5      | Found a sparkling altar of Nemelex Xobeh.
  5131 | D:5      | Reached XP level 9. HP: 65/73 MP: 14/14
  5149 | D:5      | Noticed a troll
  5168 | D:5      | Killed a troll
  5276 | D:5      | Found Soopp's Mayhem Merchandise.
  5320 | D:5      | Found a staircase to the Ecumenical Temple.
  5437 | D:5      | Found a runed translucent door.
  5438 | D:5      | Noticed Crazy Yiuf
  5783 | D:6      | Reached skill level 5 in Invocations
  6490 | D:6      | Reached XP level 10. HP: 51/80 MP: 17/17
  6561 | D:6      | Found an opulent altar of Gozag.
  6915 | D:7      | Reached skill level 5 in Short Blades
  6915 | D:7      | Reached skill level 5 in Long Blades
  6915 | D:7      | Reached skill level 5 in Maces & Flails
  6915 | D:7      | Reached skill level 5 in Polearms
  6915 | D:7      | Reached skill level 5 in Staves
  6915 | D:7      | Reached skill level 5 in Ranged Weapons
  6915 | D:7      | Reached skill level 5 in Throwing
  6915 | D:7      | Reached skill level 5 in Dodging
  6915 | D:7      | Reached skill level 5 in Stealth
  6915 | D:7      | Reached skill level 5 in Unarmed Combat
  6915 | D:7      | Reached skill level 5 in Spellcasting
  6915 | D:7      | Reached skill level 5 in Evocations
  7050 | D:7      | Found a flagged portal.
  7059 | Bailey   | Entered a bailey
  7132 | Bailey   | Slain by a gnoll sergeant

Illustrated notes

Levels and vault maps discovered:
D:1:      ebering_hopf_link, layout_loops_ring,
          chequers_ecumenical_altar_island, minmay_misc_feat_chi
D:2:      layout_basic, corner_web_ring, chequers_serial_rivers_micro_c,
          hangedman_abyss_or_decor_stabs, uniq_jessica
D:3:      layout_loops_ring, serial_shops, shop, kennysheep_nub,
          roderic_roman_lattice, uniq_robin
D:4:      layout_basic, mainiacjoe_overflow_catwalk_spiral,
          mainiacjoe_overflow_concentric_impassable, minmay_quadrilaterals,
          uniq_sigmund, uniq_blork_the_orc, uniq_natasha, uniq_pikel
D:5:      cheibrodos_barr_body, layout_loops_ring, mainiacjoe_overflow_brackets,
          minmay_temple_entry_fiery, grunt_ministairs_6, minmay_shop_mayhem,
          uniq_crazy_yiuf_cottage
D:6:      layout_basic, kennysheep_mini, serial_co_window_serial,
          co_window_paths_b, co_window_corner_a, co_window_paths_a,
          co_window_corner_a, co_window_of_opportunity_a, co_window_broadway_b,
          co_window_corner_b, co_window_corner_cb, co_window_paths_c,
          glass_columns_c
D:7:      layout_basic, enter_bailey_8
Bailey:   bailey_polearm_gnolls_kennysheep, bailey

Skill      XL: |  1  2  3  4  5  6  7  8  9 10 |
---------------+-------------------------------+-----
Invocations    | 1 2 3 4 5 |  5.5
Short Blades   | 1 2 3 4 5 |  5.0
Long Blades    | 1 2 3 4 5 |  5.0
Maces & Flails | 1 2 3 4 5 |  5.0
Polearms       | 1 2 3 4 5 |  5.0
Staves         | 1 2 3 4 5 |  5.0
Ranged Weapons | 1 2 3 4 5 |  5.0
Throwing       | 1 2 3 4 5 |  5.0
Dodging        | 1 2 3 4 5 |  5.0
Stealth        | 1 2 3 4 5 |  5.0
Unarmed Combat | 1 2 3 4 5 |  5.0
Spellcasting   | 1 2 3 4 5 |  5.0
Evocations     | 1 2 3 4 5 |  5.0
Shapeshifting  | 1 2 3 4 |  4.6
Conjurations   | 1 2 3 4 |  4.2
Hexes          | 1 2 3 4 |  4.2
Summonings     | 1 2 3 4 |  4.2
Necromancy     | 1 2 3 4 |  4.2
Translocations | 1 2 3 4 |  4.2
Transmutations | 1 2 3 4 |  4.2
Fire Magic     | 1 2 3 4 |  4.2
Ice Magic      | 1 2 3 4 |  4.2
Air Magic      | 1 2 3 4 |  4.2
Earth Magic    | 1 2 3 4 |  4.2
Poison Magic   | 1 2 3 4 |  4.2
Axes           | 5 6 |  6.9
Fighting       | 7 8 |  8.4
Armour         | 7 8 |  8.4
Shields        | 7 8 |  8.4

Action                     |  1- 3 |  4- 6 |  7- 9 | 10-12 || total
---------------------------+-------+-------+-------+-------++-------
  Melee: War axe           |    77 |   168 |   326 |    68 ||   639
         Bite              |     6 |    21 |    28 |    12 ||    67
 Invoke: Curse Item        |       |       |     1 |       ||     1
    Use: Potion            |       |       |     2 |       ||     2
 Armour: Scale mail        |    53 |   119 |    74 |       ||   246
         Chain mail        |       |       |   223 |    91 ||   314
  Dodge: Dodged            |    39 |    66 |   132 |    40 ||   277
  Block: Buckler           |    20 |    45 |    88 |    39 ||   192

Table legend: (Time is in decaauts)
 A = Elapsed time spent in this place.
 B = Non-inter-level travel time spent in this place.
 C = Inter-level travel time spent in this place.
 D = Time resting spent in this place.
 E = Time spent auto-exploring this place.
 F = Levels seen in this place.
 G = Mean time per level.
                   A        B        C        D        E       F      G
               +--------+--------+--------+--------+--------+-----+--------+
         Total |   7286 |   6800 |    486 |      0 |   5318 |   8 |  910.8 |
       Dungeon |   7209 |   6723 |    486 |      0 |   5302 |   7 | 1029.9 |
        Bailey |     77 |     77 |      0 |      0 |     16 |   1 |   77.0 |
               +--------+--------+--------+--------+--------+-----+--------+

Top non-repeatable levels by time:
     D:4: 1494 daAuts
     D:3: 1372 daAuts
     D:6: 1293 daAuts
     D:5: 1150 daAuts
     D:2: 842 daAuts
     D:1: 775 daAuts
     D:7: 281 daAuts
  Bailey: 77 daAuts
